[gd_scene load_steps=22 format=3 uid="uid://b8n34gjmq3s12"]

[ext_resource type="Texture2D" uid="uid://6x2qrlbs2bxl" path="res://assets/caramelo.png" id="1_idc2s"]
[ext_resource type="Script" path="res://scripts/caramelo.gd" id="1_y0ium"]
[ext_resource type="Script" path="res://scripts/status.gd" id="3_0a460"]

[sub_resource type="Animation" id="Animation_iyyoe"]
length = 0.001

[sub_resource type="Animation" id="Animation_30bwj"]
resource_name = "blink"
tracks/0/type = "value"
tracks/0/imported = false
tracks/0/enabled = true
tracks/0/path = NodePath("Sprite2D/ColorRect:visible")
tracks/0/interp = 1
tracks/0/loop_wrap = true
tracks/0/keys = {
"times": PackedFloat32Array(0, 0.1),
"transitions": PackedFloat32Array(1, 1),
"update": 1,
"values": [true, false]
}

[sub_resource type="AnimationLibrary" id="AnimationLibrary_wagjb"]
_data = {
"RESET": SubResource("Animation_iyyoe"),
"blink": SubResource("Animation_30bwj")
}

[sub_resource type="CircleShape2D" id="CircleShape2D_vyt8o"]
radius = 551.033

[sub_resource type="CapsuleShape2D" id="CapsuleShape2D_af7xn"]
radius = 216.0
height = 432.0

[sub_resource type="CapsuleShape2D" id="CapsuleShape2D_0fal5"]
radius = 77.0
height = 256.0

[sub_resource type="CapsuleShape2D" id="CapsuleShape2D_ifgna"]
radius = 109.0
height = 336.0

[sub_resource type="OccluderPolygon2D" id="OccluderPolygon2D_2q2y6"]

[sub_resource type="Animation" id="Animation_pn4jk"]
length = 0.001
tracks/0/type = "value"
tracks/0/imported = false
tracks/0/enabled = true
tracks/0/path = NodePath("Sprite2D:frame_coords")
tracks/0/interp = 1
tracks/0/loop_wrap = true
tracks/0/keys = {
"times": PackedFloat32Array(0),
"transitions": PackedFloat32Array(1),
"update": 1,
"values": [Vector2i(0, 0)]
}

[sub_resource type="Animation" id="Animation_8jx60"]
resource_name = "idle_d"
length = 1.2
loop_mode = 1
tracks/0/type = "value"
tracks/0/imported = false
tracks/0/enabled = true
tracks/0/path = NodePath("Sprite2D:frame_coords")
tracks/0/interp = 1
tracks/0/loop_wrap = true
tracks/0/keys = {
"times": PackedFloat32Array(0, 0.2, 1),
"transitions": PackedFloat32Array(1, 1, 1),
"update": 1,
"values": [Vector2i(1, 0), Vector2i(0, 0), Vector2i(1, 0)]
}

[sub_resource type="Animation" id="Animation_5c6cd"]
resource_name = "idle_u"
length = 1.2
loop_mode = 1
tracks/0/type = "value"
tracks/0/imported = false
tracks/0/enabled = true
tracks/0/path = NodePath("Sprite2D:frame_coords")
tracks/0/interp = 1
tracks/0/loop_wrap = true
tracks/0/keys = {
"times": PackedFloat32Array(0, 0.2, 1),
"transitions": PackedFloat32Array(1, 1, 1),
"update": 1,
"values": [Vector2i(1, 2), Vector2i(0, 2), Vector2i(1, 2)]
}

[sub_resource type="Animation" id="Animation_4jl4d"]
resource_name = "walk_d"
length = 0.6
loop_mode = 1
tracks/0/type = "value"
tracks/0/imported = false
tracks/0/enabled = true
tracks/0/path = NodePath("Sprite2D:frame_coords")
tracks/0/interp = 1
tracks/0/loop_wrap = true
tracks/0/keys = {
"times": PackedFloat32Array(0, 0.1, 0.4),
"transitions": PackedFloat32Array(1, 1, 1),
"update": 1,
"values": [Vector2i(2, 0), Vector2i(3, 0), Vector2i(2, 0)]
}

[sub_resource type="Animation" id="Animation_i0vro"]
resource_name = "walk_ld"
length = 0.6
loop_mode = 1
tracks/0/type = "value"
tracks/0/imported = false
tracks/0/enabled = true
tracks/0/path = NodePath("Sprite2D:frame_coords")
tracks/0/interp = 1
tracks/0/loop_wrap = true
tracks/0/keys = {
"times": PackedFloat32Array(0, 0.1, 0.4),
"transitions": PackedFloat32Array(1, 1, 1),
"update": 1,
"values": [Vector2i(0, 1), Vector2i(1, 1), Vector2i(0, 1)]
}

[sub_resource type="Animation" id="Animation_slvo6"]
resource_name = "walk_lu"
length = 0.6
loop_mode = 1
tracks/0/type = "value"
tracks/0/imported = false
tracks/0/enabled = true
tracks/0/path = NodePath("Sprite2D:frame_coords")
tracks/0/interp = 1
tracks/0/loop_wrap = true
tracks/0/keys = {
"times": PackedFloat32Array(0, 0.1, 0.4),
"transitions": PackedFloat32Array(1, 1, 1),
"update": 1,
"values": [Vector2i(0, 3), Vector2i(1, 3), Vector2i(0, 3)]
}

[sub_resource type="Animation" id="Animation_it1ba"]
resource_name = "walk_rd"
length = 0.6
loop_mode = 1
tracks/0/type = "value"
tracks/0/imported = false
tracks/0/enabled = true
tracks/0/path = NodePath("Sprite2D:frame_coords")
tracks/0/interp = 1
tracks/0/loop_wrap = true
tracks/0/keys = {
"times": PackedFloat32Array(0, 0.1, 0.4),
"transitions": PackedFloat32Array(1, 1, 1),
"update": 1,
"values": [Vector2i(2, 1), Vector2i(3, 1), Vector2i(2, 1)]
}

[sub_resource type="Animation" id="Animation_tmj6m"]
resource_name = "walk_ru"
length = 0.6
loop_mode = 1
tracks/0/type = "value"
tracks/0/imported = false
tracks/0/enabled = true
tracks/0/path = NodePath("Sprite2D:frame_coords")
tracks/0/interp = 1
tracks/0/loop_wrap = true
tracks/0/keys = {
"times": PackedFloat32Array(0, 0.1, 0.4),
"transitions": PackedFloat32Array(1, 1, 1),
"update": 1,
"values": [Vector2i(2, 3), Vector2i(3, 3), Vector2i(2, 3)]
}

[sub_resource type="Animation" id="Animation_8hcph"]
resource_name = "walk_u"
length = 0.6
loop_mode = 1
tracks/0/type = "value"
tracks/0/imported = false
tracks/0/enabled = true
tracks/0/path = NodePath("Sprite2D:frame_coords")
tracks/0/interp = 1
tracks/0/loop_wrap = true
tracks/0/keys = {
"times": PackedFloat32Array(0, 0.1, 0.4),
"transitions": PackedFloat32Array(1, 1, 1),
"update": 1,
"values": [Vector2i(2, 2), Vector2i(3, 2), Vector2i(2, 2)]
}

[sub_resource type="AnimationLibrary" id="AnimationLibrary_ilcb4"]
_data = {
"RESET": SubResource("Animation_pn4jk"),
"idle_d": SubResource("Animation_8jx60"),
"idle_u": SubResource("Animation_5c6cd"),
"walk_d": SubResource("Animation_4jl4d"),
"walk_ld": SubResource("Animation_i0vro"),
"walk_lu": SubResource("Animation_slvo6"),
"walk_rd": SubResource("Animation_it1ba"),
"walk_ru": SubResource("Animation_tmj6m"),
"walk_u": SubResource("Animation_8hcph")
}

[node name="caramelo" type="CharacterBody2D"]
z_index = 1
y_sort_enabled = true
collision_layer = 9
script = ExtResource("1_y0ium")
SPEED = 250.0

[node name="Status" type="Node" parent="."]
script = ExtResource("3_0a460")
health = 30
attackpow = 10

[node name="AnimationBlink" type="AnimationPlayer" parent="."]
libraries = {
"": SubResource("AnimationLibrary_wagjb")
}

[node name="Sprite2D" type="Sprite2D" parent="."]
clip_children = 2
texture_filter = 1
position = Vector2(5, 0)
scale = Vector2(10, 10)
texture = ExtResource("1_idc2s")
hframes = 4
vframes = 4

[node name="ColorRect" type="ColorRect" parent="Sprite2D"]
visible = false
offset_left = -19.4
offset_top = -19.2
offset_right = 20.6
offset_bottom = 20.8
color = Color(1, 0, 0, 0.392157)

[node name="PlayerDetector" type="Area2D" parent="."]

[node name="CollisionShape2D" type="CollisionShape2D" parent="PlayerDetector"]
shape = SubResource("CircleShape2D_vyt8o")

[node name="HitboxDetector" type="Area2D" parent="."]

[node name="CollisionShape2D" type="CollisionShape2D" parent="HitboxDetector"]
position = Vector2(0, 2)
shape = SubResource("CapsuleShape2D_af7xn")

[node name="CollisionShape2D" type="CollisionShape2D" parent="."]
position = Vector2(0, 109)
rotation = 1.5708
shape = SubResource("CapsuleShape2D_0fal5")

[node name="ColisaoDano" type="CollisionShape2D" parent="."]
light_mask = 0
visibility_layer = 8
shape = SubResource("CapsuleShape2D_ifgna")

[node name="LightOccluder2D" type="LightOccluder2D" parent="."]
occluder = SubResource("OccluderPolygon2D_2q2y6")

[node name="AnimationPlayer" type="AnimationPlayer" parent="."]
libraries = {
"": SubResource("AnimationLibrary_ilcb4")
}

[connection signal="body_entered" from="PlayerDetector" to="." method="_on_player_detector_body_entered"]
[connection signal="body_exited" from="PlayerDetector" to="." method="_on_player_detector_body_exited"]
[connection signal="area_entered" from="HitboxDetector" to="Status" method="_on_hitbox_detector_area_entered"]
